 Dungeon Crawl Stone Soup version 0.27-a0-668-gb5737ff2c0 (webtiles) character file.

Game seed: 1329962448201070399

4 12572944 the Skirmisher (level 1, 0/20 HPs)
             Began as a Hill Orc Fighter on Mar 17, 2021.
             Slain by a jackal (3 damage)
             ... on level 1 of the Dungeon.
             The game lasted 00:00:32 (55 turns).

12572944 the Skirmisher (Hill Orc Fighter)            Turns: 55, Time: 00:00:33

Health: 0/20       AC:  8    Str: 18    XL:     1   Next: 60%
Magic:  1/1        EV:  7    Int:  8    God:
Gold:   9          SH:  9    Dex: 10    Spells: 0/0 levels left

rFire    . . .     SeeInvis .   a - +0 war axe
rCold    . . .     Faith    .   c - +0 kite shield
rNeg     . . .     Spirit   .   b - +0 scale mail
rPois    .         Reflect  .   f - +0 helmet
rElec    .         Harm     .   (no cloak)
rCorr    .         Rampage  .   (no gloves)
Will     .....                  (no boots)
Stlth    ..........             (no amulet)
HPRegen  0.06/turn              (no ring)
MPRegen  0.07/turn              (no ring)

@: mighty, lethally poisoned (0 -> -23), attractive
A: no striking features
a: no special abilities


You were on level 1 of the Dungeon.
You visited 1 branch of the dungeon, and saw 1 of its levels.

You collected 9 gold pieces.

Inventory:

Hand Weapons
 a - a +0 war axe (weapon)
Armour
 b - a +0 scale mail (worn)
 c - a +0 kite shield (worn)
 f - a +0 helmet (worn)


   Skills:
 + Level 3.7 Fighting
 + Level 2.8 Axes
 + Level 3.3 Armour
 + Level 3.3 Shields


You couldn't memorise any spells.
You didn't know any spells.
Your spell library was empty.

Dungeon Overview and Level Annotations

Branches:
Dungeon (1/15)

Altars:


Message History

You block the hobgoblin's attack.
You slash the hobgoblin!
You kill the hobgoblin!
You see here a +0 club.
A frilled lizard and a kobold come into view.
The kobold is wielding a +1 dagger of venom.
The kobold shouts!
The frilled lizard hisses angrily.
You hear a bark! x3
The kobold throws a stone.
You block the stone.
The kobold throws a stone.
The stone hits you but does no damage.
A jackal comes into view.
A jackal comes into view.
The kobold hits you but does no damage.
You are poisoned.
Your scale mail prevents you from hitting the kobold.
You feel sick. The kobold hits you but does no damage.
You are more poisoned.
A jackal comes into view.
The kobold hits you with a +1 dagger of venom.
You are more poisoned.
You hit the kobold.
You kill the kobold!
You miss the frilled lizard.
You feel very sick. The frilled lizard barely misses you.
It was a potion of attraction.
You feel attractive to monsters.
You feel sick. You block the frilled lizard's attack.
You feel very mighty all of a sudden.
* * * LOW HITPOINT WARNING * * *
You feel sick.
The jackal bites you but does no damage.
The frilled lizard bites you but does no damage.
The jackal barely misses you.
You slash the frilled lizard!
You kill the frilled lizard!
You closely miss the jackal.
Your shield prevents you from hitting the jackal.
* * * LOW HITPOINT WARNING * * *
You feel sick. The jackal bites you.
You die...

#. #. ## # #.
.. .###
#.#.##...
#......###
######........#
.......)....#
#@hh..#
#####.h...#
#......##...#
#...........#
#)########..#
#.# ###.# #...#
######
#.#.#####
#..ยงยง#


You could see 3 jackals.

Vanquished Creatures
  A giant cockroach (D:1)
  A hobgoblin (D:1)
  A kobold (D:1)
  A frilled lizard (D:1)
4 creatures vanquished.

Notes
Turn   | Place    | Note
-------+----------+-------------------------------------------
     0 | D:1      | 12572944 the Hill Orc Fighter began the quest for the Orb.
     0 | D:1      | Reached XP level 1. HP: 19/19 MP: 1/1
    55 | D:1      | Slain by a jackal

Illustrated notes

Levels and vault maps discovered:
D:1:      lightli_arrival_lavapool, layout_loops_ring,
          chequers_serial_rivers_micro_b, minmay_fountain_box,
          corexii_item_surrounded_by_moat

Action                   || total
-------------------------++-------
Melee: War axe           ||    14
  Use: Potion            ||     2
Armor: Scale mail        ||    11
Dodge: Dodged            ||     5
Block: Kite shield       ||     9

Table legend: (Time is in decaauts)
 A = Elapsed time spent in this place.
 B = Non-inter-level travel time spent in this place.
 C = Inter-level travel time spent in this place.
 D = Time resting spent in this place.
 E = Time spent auto-exploring this place.
 F = Levels seen in this place.
 G = Mean time per level.
                   A        B        C        D        E       F      G
               +--------+--------+--------+--------+--------+-----+--------+
         Total |     63 |     63 |      0 |      2 |      0 |   1 |   63.0 |
       Dungeon |     63 |     63 |      0 |      2 |      0 |   1 |   63.0 |
               +--------+--------+--------+--------+--------+-----+--------+

Top non-repeatable levels by time:
     D:1: 63 daAuts
